 Dungeon Crawl Stone Soup version 0.15.2 (webtiles) character file.

2724 Iskender the Basher (level 9, -27/71 HPs)
             Began as a Formicid Wanderer on Dec 13, 2014.
             Was a Follower of Fedhas.
             Annihilated by Kite's ghost (31 damage)
             ... on Level 8 of the Dungeon.
             The game lasted 00:56:51 (6126 turns).

Iskender the Basher (Formicid Wanderer)             Turns: 6126, Time: 00:56:54

HP -27/71        AC 10     Str 18      XL: 9   Next: 99%
MP  12/12        EV 16     Int 11      God: Fedhas [*.....]
Gold 463         SH  0     Dex 13      Spells:  0 memorised,  8 levels left

rFire  + + +     SeeInvis +     a - +3 whip (elec)
rCold  + + .     Clarity  .     p - +4 leather armour "Rijotej" {rF+ rC+}
rNeg   . . .     rCorr    +     (no shield)
rPois  +         rRot     .     (helmet unavailable)
rElec  +         Spirit   .     h - +2 cloak
SustAb .         Warding  .     (no gloves)
rMut   .         Stasis   +     (no boots)
Gourm  .                        (no amulet)
MR     .....                    y - +2 ring of slaying
                                D - +5 ring of evasion

@: resistant, not resistant to hostile enchantments, very unstealthy
A: permanent stasis, dig shafts and tunnels, four strong arms, antennae 3,
hooves 1, fire resistance 1
a: Dig, Shaft Self, Evolution, Renounce Religion


You were on level 8 of the Dungeon.
You worshipped Fedhas.
Fedhas was aware of your devotion.
You were very hungry.

You visited 2 branches of the dungeon, and saw 9 of its levels.
You also visited: Sewer.

You collected 463 gold pieces.

Inventory:

Hand weapons
 a - a +3 whip of electrocution (weapon)
 b - a +0 hunting sling
 v - a +0 hunting sling of flaming
 w - a +2 spear
 C - a +2 shortbow of flaming
 G - a +0 quarterstaff
 U - a cursed -1 dire flail
Missiles
 f - 12 curare-tipped needles
 g - 15 arrows of flame
 i - 69 sling bullets
 s - 67 stones (quivered)
 t - 32 bolts
 B - 168 arrows
 J - 2 javelins
 K - 2 steel tomahawks
 N - 5 tomahawks
 P - 8 bolts of frost
Armour
 h - a +2 cloak (worn)
 p - the cursed +4 leather armour "Rijotej" (worn) {rF+ rC+}
   (You found it in a sewer)

   It protects you from fire.
   It protects you from cold.
   It has a curse placed upon it.
 r - a cursed +0 plate armour
 O - a +3 leather armour of cold resistance
 R - a +0 buckler
 T - a +0 large shield
 V - the +2 ring mail "Shiasch" {Str+4, unknown}
   (You found it on level 8 of the Dungeon)

   It affects your strength (+4).
Magical devices
 H - a wand of flame (2)
 S - a wand of frost (6) {unknown}
Comestibles
 c - a royal jelly
 d - 4 bread rations
 E - 2 meat rations
 I - 2 beef jerkies
Scrolls
 e - 5 scrolls of remove curse
 m - a scroll of noise {unknown}
 q - 2 scrolls of fog
 x - a scroll of amnesia {unknown}
 z - 2 scrolls of fear {unknown}
 F - 2 scrolls of recharging {unknown}
 L - 4 scrolls of enchant weapon
 M - a scroll of identify
Jewellery
 k - a +4 ring of protection
 y - a +2 ring of slaying (right hand)
 D - a +5 ring of evasion (left hand)
Potions
 j - 2 potions of heal wounds
 n - 6 potions of curing {unknown}
 o - a potion of haste {unknown}
 u - 3 potions of agility {unknown}
 A - a potion of brilliance
 Q - a potion of resistance
Books
 l - Chugiyz's Guide on Evil Arcane Weapons
   (You found it on level 7 of the Dungeon)

   Spells                             Type                      Level
   Shock                              Conjuration/Air              1
   Regeneration                       Charms/Necromancy            3
   Animate Dead                       Necromancy                   4
   Bolt of Draining                   Conjuration/Necromancy       5
   Poisonous Cloud                    Conjuration/Poison/Air       6


   Skills:
 - Level 6.5 Fighting
 + Level 10.5(10.9) Maces & Flails
 - Level 2.9(4.0) Polearms
 - Level 4.2(8.3) Staves
 - Level 1.0 Throwing
 - Level 1.1 Armour
 - Level 1.0 Dodging
 - Level 1.2 Stealth
 - Level 5.5 Shields


You had 8 spell levels left.
You didn't know any spells.

Dungeon Overview and Level Annotations

Branches:
Dungeon (8/15)             Temple (1/1) D:5
   Lair: D:8-11

Altars:
Ashenzari
Cheibriados
Dithmenos
Elyvilon
Fedhas
Kikubaaqudgha
Makhleb
Nemelex Xobeh
Okawaru
Qazlal
Sif Muna
Trog
Vehumet
Xom
Yredelemnul
Zin
The Shining One

Shops:
D:5 =   D:6 }

Annotations:
D:8 Kite's ghost, experienced OgDK


Innate Abilities, Weirdness & Mutations

Your are under a permanent stasis effect.
You can dig through walls and to a lower floor.
Your four strong arms can wield two-handed weapons with a shield.
You have a pair of large antennae on your head (SInv).
You have large cloven feet.
Your flesh is heat resistant.


Message History

Kite's ghost is lightly damaged.
The centaur completely misses you. Kite's ghost hits you!
You barely miss Kite's ghost. You kick Kite's ghost.
Kite's ghost is lightly damaged.
Your wandering mushroom releases spores at the centaur!
The centaur is engulfed in a cloud of spores!
The centaur barely misses you.
You whack Kite's ghost!
Kite's ghost is lightly damaged.
Kite's ghost hits you!!
* * * LOW HITPOINT WARNING * * *
The centaur hits you but does no damage.
Drink which item? (? for menu, Esc to quit)
You feel protected.
It was a potion of resistance.
Your wandering mushroom releases spores at the centaur!
The centaur dies!
Kite's ghost hits you!!
You die...
Fedhas appreciates your contribution to the ecosystem.

#....# #.._.....# #....#
#........#
#....####........# ..
#.......#........#
...#.....#.#........#######
..W......#.................
#.......#.........######.
#.....#.#f........#
####.##.)@.....)..# #.
##W......<..# ##
##.......### ..........#
##....?...%.....#
#.#.....P.....##
#.#......##.#.# #.#......#
.# # #......>.# #


You could see Kite's ghost and a friendly wandering mushroom.

Vanquished Creatures
  The ghost of ghwc the Covert, an experienced SpEn (D:5)
  Psyche (D:8)
  A water moccasin (D:7)
  An ice beast (D:6)
  An ogre (D:7)
  3 centaurs
  Sigmund (D:2)
  Duvessa (D:6)
  4 giant frogs
  A scorpion (D:5)
  4 crimson imps
  Dowan (D:6)
  2 goliath beetles
  A quasit (D:6)
  Crazy Yiuf (D:6)
  3 orc priests
  2 hounds
  2 iguanas
  Natasha (thrice) (D:3)
  7 orc wizards
  3 worker ants
  Jessica (D:3)
  10 adders
  6 gnolls
  A shadow imp (D:7)
  4 giant mites
  4 worms
  An adder skeleton (D:5)
  5 giant geckos
  An ooze (D:2)
  15 orcs
  8 ball pythons
  2 bat skeletons (D:4)
  10 giant cockroaches
  5 hobgoblins
  9 kobolds
  A quokka (D:6)
  7 bats
  9 giant newts
  2 giant newt skeletons (D:5)
  10 goblins
  2 goblin skeletons
  A hobgoblin skeleton (D:5)
  11 jackals
  A jackal skeleton (D:5)
  A kobold skeleton (D:4)
  An orc skeleton (D:4)
  19 rats
  A rat skeleton (D:4)
192 creatures vanquished.

Vanquished Creatures (collateral kills)
  A centaur (D:8)
1 creature vanquished.

Vanquished Creatures (others)
  27 toadstools
27 creatures vanquished.

Grand Total: 220 creatures vanquished

Notes
Turn   | Place    | Note
--------------------------------------------------------------
     0 | D:1      | Iskender, the Formicid Wanderer, began the quest for the Orb.
     0 | D:1      | Reached XP level 1. HP: 23/23 MP: 1/1
    73 | D:1      | Reached skill level 1 in Polearms
   145 | D:1      | Reached XP level 2. HP: 29/29 MP: 3/3
   550 | D:1      | Reached XP level 3. HP: 28/35 MP: 4/4
   784 | D:2      | Found a radiant altar of Vehumet.
   827 | D:2      | Noticed Sigmund
   831 | D:2      | Gained mutation: Your flesh is heat resistant. [potion of mutation]
   831 | D:2      | Gained mutation: You have large cloven feet. [potion of mutation]
   840 | D:2      | Killed Sigmund
   840 | D:2      | Reached XP level 4. HP: 21/41 MP: 5/5
   840 | D:2      | Reached XP level 5. HP: 24/47 MP: 7/7
   987 | D:2      | Found a shimmering altar of Xom.
  1324 | D:2      | Noticed an earth elemental
  1325 | D:2      | Found a stormy altar of Qazlal.
  1328 | D:2      | Noticed a water elemental
  1328 | D:2      | Noticed a fire elemental
  1328 | D:2      | Noticed an air elemental
  1479 | D:3      | Noticed Natasha
  1705 | D:3      | Noticed Jessica
  1737 | D:3      | Reached XP level 6. HP: 48/53 MP: 8/8
  1808 | D:4      | Found a deep blue altar of Sif Muna.
  1913 | D:3      | Killed Jessica
  1913 | D:3      | Reached skill level 1 in Maces & Flails
  2001 | D:3      | Killed Natasha
  2190 | D:3      | Noticed Natasha
  2459 | D:4      | Found an iron altar of Okawaru.
  2817 | D:3      | Killed Natasha
  2817 | D:3      | Reached XP level 7. HP: 27/59 MP: 9/9
  2935 | D:3      | Noticed Natasha
  2938 | D:3      | Killed Natasha
  3079 | D:3      | Found a shadowy altar of Dithmenos.
  3150 | D:5      | Entered Level 5 of the Dungeon
  3211 | D:5      | Found a glowing drain.
  3215 | Sewer    | Entered a sewer
  3430 | Sewer    | Reached skill level 5 in Maces & Flails
  3455 | Sewer    | Got a fine leather armour
  3466 | Sewer    | Identified the cursed +4 leather armour "Rijotej" {rF+ rC+} (You found it in a sewer)
  3551 | D:5      | Found a glowing silver altar of Zin.
  3551 | D:5      | Noticed an angel
  3716 | D:5      | Noticed ghwc's ghost (experienced SpEn)
  3835 | D:5      | Reached XP level 8. HP: 59/65 MP: 11/11
  3884 | D:5      | Found a staircase to the Ecumenical Temple.
  3890 | Temple   | Entered the Ecumenical Temple
  3914 | Temple   | Became a worshipper of Fedhas Madash
  3992 | D:5      | Found Usourr's Jewellery Boutique.
  4068 | D:5      | Reached skill level 7 in Maces & Flails
  4231 | D:5      | Killed ghwc's ghost
  4231 | D:5      | Reached skill level 8 in Maces & Flails
  4754 | D:6      | Reached XP level 9. HP: 68/71 MP: 12/12
  4798 | D:6      | Reached skill level 9 in Maces & Flails
  4857 | D:6      | Reached skill level 1 in Shields
  4916 | D:6      | Noticed Crazy Yiuf
  4923 | D:6      | Killed Crazy Yiuf
  5186 | D:6      | Acquired Fedhas' first power
  5202 | D:6      | Noticed Duvessa
  5202 | D:6      | Noticed Dowan
  5210 | D:6      | Killed Duvessa
  5210 | D:6      | Reached skill level 5 in Shields
  5213 | D:6      | Killed Dowan
  5416 | D:6      | Found Suuchigg's Gadget Boutique.
  5434 | D:7      | Identified Chugiyz's Guide on Evil Arcane Weapons (You found it on level 7 of the Dungeon)
  5819 | D:7      | Found a glowing golden altar of the Shining One.
  5820 | D:7      | Found a sparkling altar of Nemelex Xobeh.
  5822 | D:7      | Found a burning altar of Makhleb.
  5943 | D:7      | Reached skill level 10 in Maces & Flails
  6009 | D:7      | You fall through a shaft!
  6010 | D:8      | Noticed an elephant
  6064 | D:8      | Noticed Psyche
  6067 | D:8      | Killed Psyche
  6071 | D:8      | Got a shimmering ring mail
  6080 | D:8      | Found a white marble altar of Elyvilon.
  6108 | D:8      | Noticed Kite's ghost (experienced OgDK)
  6126 | D:8      | Annihilated by Kite's ghost

Action                   |  1- 3 |  4- 6 |  7- 9 || total
-------------------------+-------+-------+-------++-------
Melee: Spear             |    79 |     3 |     6 ||    88
       Quarterstaff      |     4 |    59 |       ||    63
       Unarmed           |       |    20 |       ||    20
       Whip              |       |    80 |   292 ||   372
Throw: Stone             |     3 |    12 |     4 ||    19
       Javelin           |     3 |     4 |       ||     7
       Tomahawk          |       |     2 |     2 ||     4
Invok: Evolution         |       |       |     1 ||     1
 Abil: Dig               |     2 |     6 |    28 ||    36
  Use: Potion            |     4 |       |     1 ||     5
       Scroll            |       |     5 |     5 ||    10
 Stab: Sleeping          |       |       |     2 ||     2
  Eat: Chunk             |       |     7 |    12 ||    19
